 Dungeon Crawl Stone Soup version 0.28.0-53-g5a82cb258f (webtiles) character file.

Game seed: 11596267451866709665

112757 Peloso the Tortoise (level 16, -10/149 HPs)
             Began as a Minotaur Fighter on June 6, 2022.
             Was the Champion of Okawaru.
             Mangled by Donald
             ... wielding a +0 long sword
              (15 damage)
             ... on level 1 of the Snake Pit.
             The game lasted 01:15:25 (37844 turns).

Peloso the Tortoise (Minotaur Fighter)             Turns: 37844, Time: 01:15:25

Health: -10/149    AC: 15    Str: 39    XL:     16   Next: 12%
Magic:  1/17       EV:  2    Int: 19    God:    Okawaru [******]
Gold:   2184       SH:  0    Dex: 17    Spells: 15/15 levels left

rFire   + . .      SeeInvis .   c - +7 long sword of Ylius {protect, Str+4 Int+4}
rCold   . . .      Faith    .   h - +0 tower shield
rNeg    . . .      Spirit   .   n - +1 chain mail {rPois}
rPois   +          Reflect  .   W - +0 hat {Int+3}
rElec   +          Harm     .   (no cloak)
rCorr   .          Rampage  .   (no gloves)
Will    +....                   (no boots)
Stlth   ..........              t - amulet "Gutt" {rElec Regen+ Str+4 Int+7}
HPRegen 1.14/turn               v - +4 ring of slaying
MPRegen 0.15/turn               u - ring "Leosae" {rF+ Str+6 Dex+3 Slay+2}

@: lethally poisoned (-10 -> -13), sleeping, studying 2 skills
A: horns 2, retaliatory headbutt
a: Renounce Religion, Heroism, Finesse, Duel


You were on level 1 of the Snake Pit.
You worshipped Okawaru.
Okawaru was exalted by your worship.
You visited 5 branches of the dungeon, and saw 25 of its levels.
You visited 1 bazaar.
You also visited: Ossuary.

You collected 2650 gold pieces.
You spent 466 gold pieces at shops.

Inventory:

Hand Weapons
 a - a +4 scimitar of flaming
 b - the +6 hand axe "Dragonbane" {spect, rPois rN+ Str+3}
   (You found it on level 3 of the Dungeon)

   When its wielder attacks, the weapon's spirit leaps out and strikes again.
   The spirit shares a part of any damage it takes with its wielder.
   Str:       It affects your strength (+3).
   rPois:     It protects you from poison.
   rN:        It protects you from negative energy.
 c - the +7 long sword of Ylius (weapon) {protect, Str+4 Int+4}
   (Okawaru gifted it to you on level 14 of the Dungeon)

   It grants its wielder temporary protection when it strikes (+7 to AC).
   Str:       It affects your strength (+4).
   Int:       It affects your intelligence (+4).
Armour
 h - a +0 tower shield (worn)
 k - +0 fire dragon scales
 n - a +1 chain mail of poison resistance (worn)
 U - a +0 chain mail of willpower
 V - a +0 plate armour of cold resistance
 W - a +0 hat of intelligence (worn)
 X - the +7 plate armour "Qatech" {rElec rC++ Str-5 Slay+3}
   (Okawaru gifted it to you on level 6 of the Lair of Beasts)

   Str:       It affects your strength (-5).
   Slay:      It affects your accuracy & damage with ranged weapons and melee
   (+3).
   rC:        It greatly protects you from cold.
   rElec:     It insulates you from electricity.
Jewellery
 q - a ring of wizardry
 t - the amulet "Gutt" (around neck) {rElec Regen+ Str+4 Int+7}
   (You found it on level 13 of the Dungeon)

   [amulet of regeneration]

   Str:       It affects your strength (+4).
   Int:       It affects your intelligence (+7).
   rElec:     It insulates you from electricity.
   Regen:     It increases your rate of health regeneration.
 u - the ring "Leosae" (right hand) {rF+ Str+6 Dex+3 Slay+2}
   (You found it on level 13 of the Dungeon)

   [ring of strength]

   Str:       It affects your strength (+6).
   Dex:       It affects your dexterity (+3).
   Slay:      It affects your accuracy & damage with ranged weapons and melee
   (+2).
   rF:        It protects you from fire.
 v - a +4 ring of slaying (left hand)
 y - a ring of protection from cold
 G - a ring of see invisible
 N - a ring of flight
Wands
 j - a wand of flame (9)
 w - a wand of iceblast (4)
 B - a wand of paralysis (32)
Scrolls
 g - 5 scrolls of blinking {unknown}
 l - a scroll of enchant armour
 m - 2 scrolls of teleportation
 s - 3 scrolls of immolation
 x - 2 scrolls of noise
 z - 3 scrolls of fear
 A - a scroll of holy word
 H - a scroll of magic mapping
 J - 5 scrolls of vulnerability {unknown}
Potions
 d - 3 potions of might
 e - 3 potions of brilliance
 f - 5 potions of flight
 i - 14 potions of curing
 o - 7 potions of haste
 p - a potion of resistance
 Z - a potion of cancellation
Miscellaneous
 r - a phantom mirror


   Skills:
 + Level 15.0 Fighting
 + Level 15.8 Long Blades
 + Level 12.6 Axes
 + Level 17.2 Armour
 + Level 6.7 Dodging
 + Level 3.3 Stealth
 + Level 16.5 Shields
 + Level 2.7 Invocations
 + Level 0.8 Evocations


You had 15 spell levels left.
You didn't know any spells.
Your spell library contained the following spells:

 Spells                   Type           Power      Damage    Failure   Level
 Foxfire                  Conj/Fire      0%         2x1d4     83%         1
 Freeze                   Ice            0%         1d3       83%         1
 Pain                     Necr           0%         1d4       83%         1
 Sublimation of Blood     Necr           0%         N/A       92%         2
 Wereblood                Tmut           0%         N/A       92%         2
 Conjure Flame            Conj/Fire      0%         6-21      99%         3
 Frozen Ramparts          Ice            0%         1d2       99%         3
 Gell's Gravitas          Tloc           0%         N/A       99%         3
 Ignite Poison            Fire/Tmut/Pois 0%         N/A       99%         3
 Inner Flame              Hex/Fire       0%         N/A       99%         3
 Lesser Beckoning         Tloc           0%         N/A       99%         3
 Mephitic Cloud           Conj/Pois/Air  0%         N/A       99%         3
 Ozocubu's Armour         Ice            0%         N/A       99%         3
 Teleport Other           Tloc           0%         N/A       99%         3
 Anguish                  Hex/Necr       0%         N/A       100%        4
 Flame Wave               Conj/Fire      0%         2d4       100%        4
 Hailstorm                Conj/Ice       0%         3d3       100%        4
 Agony                    Necr           0%         N/A       100%        5
 Excruciating Wounds      Necr           0%         N/A       100%        5
 Freezing Cloud           Conj/Ice/Air   0%         6-21      100%        5
 Enfeeble                 Hex            0%         N/A       100%        7
 Ozocubu's Refrigeration  Ice            0%         4d5       100%        7
 Summon Small Mammal      Summ           Unusable   N/A       N/A         1
 Call Canine Familiar     Summ           Unusable   N/A       N/A         3
 Summon Guardian Golem    Hex/Summ       Unusable   N/A       N/A         3
 Tukima's Dance           Hex            Unusable   N/A       N/A         3
 Summon Hydra             Summ           Unusable   N/A       N/A         7

Dungeon Overview and Level Annotations

Branches:
Dungeon (15/15)            Temple (1/1) D:5            Lair (6/6) D:9
  Swamp (0/4) Lair:3        Snake (1/4) Lair:2        Slime (0/5) Lair:6
    Orc (2/2) D:10            Elf (0/3) Orc:2        Vaults (0/5) D:13
 Depths (0/4) D:15        Ossuary (visited)

Altars:
Cheibriados
Dithmenos
Elyvilon
Fedhas
Gozag
Hepliaklqana
Okawaru
Qazlal
Ru
Sif Muna
Uskayaw
Vehumet
Xom
Yredelemnul
Zin
The Shining One
Beogh
Jiyva

Shops:
D:2 *   D:4 *!(   D:7 *   D:12 !   D:15 :   Orc:1 *   Orc:2 =*([

Annotations:
D:11 Casa
Snake:1 Aizul, Donald


Innate Abilities, Weirdness & Mutations

You have a pair of horns on your head.
You reflexively headbutt those who attack you in melee.


Message History

You feel sick.
The salamander no longer looks unusually strong.
Donald yells, "Help!"
You block the mana viper's attack.
You feel sick.
The mana viper bites you but does no damage.
Aizul coils herself and waves her upper body at you.
The bolt of poison hits you. You resist.
You feel sick.
You are no longer poisoned.
Donald says, "You know that hissing noise?
I hate that."
Aizul coils herself and waves her upper body at you.
The bolt of poison hits you!
You are poisoned.
You resist. You block the mana viper's attack.
You feel extremely sick. The mana viper bites you.
You feel your power leaking away. You block the mana viper's attack.
You feel yourself speed up.
You feel very sick.
Donald says, "Nagas are pretty ugly.
I hate nagas."
The mana viper bites you but does no damage.
Donald says, "I hate mutated serpents."
Donald hits you with a +0 long sword!!!
* * * LOW HITPOINT WARNING * * *
You hear a shout!
Okay, then.
As you read the scroll of fear, it crumbles to dust.
You assume a fearsome visage.
The mana viper resists with almost no effort.
The mana viper looks frightened!
Aizul resists with almost no effort.
Donald resists with some effort.
The naga sharpshooter resists with some effort.
You feel sick. Aizul casts a spell at you.
You fall asleep.
The naga sharpshooter shoots an arrow.
The arrow barely misses you. Donald hits you with a +0 long sword!
You die...

#.# ...........#
#..
+...........#
...
#...........#
##..........#
##.........#
#++#......# #.
#......#
#..#......#
.....#...@@.#
......'......#
......'..S.S.#
##'''##......#
#......#......#
#..............#
+..........S...#
+........N.....#
+.......)......#


You could see Aizul, Donald (fast, strong), a naga sharpshooter and 2 mana
vipers.

Vanquished Creatures
  Louise (D:14)
  The ghost of Dune the Severer, a journeyman MiBe of Trog (D:13)
  2 orc warlords
  An ironbound preserver (D:13)
  A very ugly thing (D:15)
  The ghost of Faeu the Bludgeoner, a journeyman MiBe of Trog (D:13)
  A fire dragon (Lair:6)
  Josephine (D:10)
  The ghost of duchin the Thaumaturge, a journeyman DEAE of Ashenzari (Lair:1)
  A rakshasa (D:15)
  A great orb of eyes (D:15)
  3 boulder beetles
  The ghost of Sensen the Protected, a journeyman DsAr of Yredelemnul (D:13)
  A catoblepas (D:14)
  10 centaur warriors
  Erica (D:10)
  13 hydras
  2 anacondas (Snake:1)
  A death knight (D:15)
  A naga warrior (Snake:1)
  6 two-headed ogres
  5 death yaks (Lair:4)
  2 tengu warriors
  A naga sharpshooter (Snake:1)
  A shock serpent (Snake:1)
  3 orc high priests
  A skeletal warrior (D:15)
  4 orc knights
  A lindwurm (Lair:6)
  Pikel (D:4)
  2 bog bodies (Lair:3)
  4 deep elf pyromancers
  3 mana vipers (Snake:1)
  15 ugly things
  2 orc sorcerers (Orc:2)
  6 manticores
  7 cyclopes
  2 salamanders (Snake:1)
  6 torpor snails
  Maurice (D:13)
  3 elephants (Lair:5)
  A guardian serpent (Snake:1)
  9 black mambas
  An unseen horror (shapeshifter) (D:8)
  7 cane toads
  An unseen horror (D:11)
  3 gargoyles
  10 komodo dragons
  A yaktaur (D:15)
  A rime drake (Lair:4)
  A yaktaur (shapeshifter) (D:15)
  A freezing wraith (D:15)
  A tengu conjurer (D:14)
  2 efreet
  5 polar bears
  2 meliai
  6 trolls
  4 tyrant leeches (Lair:6)
  6 hornets (Lair:6)
  17 blink frogs
  13 slime creatures
  11 dream sheep
  A spriggan (Lair:5)
  2 culicivoras (shapeshifter) (D:15)
  Sigmund (D:5)
  58 yaks
  A shadow (D:9)
  8 wraiths
  A dire elephant simulacrum (Lair:2)
  A basilisk (Lair:4)
  A basilisk (shapeshifter) (D:14)
  2 wyverns
  A hog (shapeshifter) (D:13)
  A steam dragon (D:7)
  Menkaure (Ossuary)
  10 vampire mosquitoes
  2 wargs
  An acid dragon (D:13)
  16 water moccasins
  4 nagas (Snake:1)
  A black bear (shapeshifter) (D:14)
  2 ice beasts
  40 orc warriors
  3 sky beasts
  A black bear (D:7)
  5 wolves (Lair:4)
  5 ogres
  24 centaurs
  A phantom (D:6)
  3 lemures (D:4)
  3 kobold brigands
  2 gnoll sergeants
  16 bullfrogs
  3 scorpions
  A blink frog simulacrum (Lair:2)
  13 killer bees
  6 howler monkeys
  17 wights
  4 electric eels
  4 crimson imps (D:6)
  2 bullfrog zombies
  4 centaur zombies
  A jelly (D:6)
  18 orc priests
  3 bullfrog skeletons
  A gnoll shaman (D:7)
  A centaur skeleton (D:6)
  Terence (D:2)
  3 iguanas
  32 orc wizards
  A yak simulacrum (Lair:2)
  2 killer bee zombies
  3 mummies (Ossuary)
  A hound skeleton (D:4)
  10 gnolls
  9 adders
  A howler monkey skeleton (D:6)
  A white imp (D:5)
  3 ufetubi
  2 adder zombies (D:5)
  3 worms
  3 dart slugs
  84 orcs
  4 bats
  11 endoplasms
  2 giant cockroaches (D:1)
  5 gnoll zombies (Ossuary)
  12 hobgoblins
  3 jackals (D:4)
  14 kobolds
  3 quokkas
  4 ball pythons
  A frilled lizard (D:1)
  5 gnoll skeletons (Ossuary)
  5 goblins
  4 goblin skeletons (Ossuary)
  5 goblin zombies (Ossuary)
  3 hobgoblin skeletons (Ossuary)
  3 hobgoblin zombies (Ossuary)
  2 kobold skeletons (Ossuary)
  3 kobold zombies (Ossuary)
  7 orc skeletons (Ossuary)
  5 orc zombies (Ossuary)
  4 rats
  4 rat skeletons (Ossuary)
  4 rat zombies (Ossuary)
  A bush (Lair:5)
  A plant (Lair:5)
794 creatures vanquished.

Vanquished Creatures (others)
  A naga mage (Snake:1)
  2 orc wizards
  2 gnolls
  20 fungi
  45 plants
  4 withered plants (D:13)
74 creatures vanquished.

Grand Total: 868 creatures vanquished

Notes
Turn   | Place    | Note
-------+----------+-------------------------------------------
     0 | D:1      | Peloso the Minotaur Fighter began the quest for the Orb.
     0 | D:1      | Reached XP level 1. HP: 19/19 MP: 0/0
   224 | D:1      | Found a faded altar of an unknown god.
   330 | D:1      | Reached XP level 2. HP: 26/27 MP: 1/1
   475 | D:1      | Reached skill level 4 in Armour
   613 | D:1      | Reached XP level 3. HP: 29/33 MP: 2/2
  1395 | D:2      | Found Fulah's Assorted Antiques.
  1521 | D:2      | Noticed Terence
  1538 | D:2      | Killed Terence
  1539 | D:2      | Reached XP level 4. HP: 12/41 MP: 3/3
  2250 | D:3      | Identified the +6 hand axe "Dragonbane" {spect, rPois rN+
                  | Str+3}
  2844 | D:4      | Noticed a lemure
  2845 | D:4      | Noticed Pikel
  2866 | D:4      | Killed a lemure
  2878 | D:4      | Found Duripiasch's Weapon Shoppe.
  2878 | D:4      | Noticed a lemure
  2878 | D:4      | Noticed a lemure
  2960 | D:4      | Found Yluolin's Assorted Antiques.
  2964 | D:4      | Reached XP level 5. HP: 30/47 MP: 4/4
  2999 | D:4      | Noticed an ogre
  3006 | D:4      | Killed an ogre
  3007 | D:4      | Reached skill level 5 in Armour
  3007 | D:4      | Reached skill level 1 in Dodging
  3007 | D:4      | Reached XP level 6. HP: 23/55 MP: 5/5
  3012 | D:4      | Found a sand-covered staircase.
  3059 | D:4      | Reached skill level 5 in Long Blades
  3087 | D:4      | Reached skill level 1 in Axes
  3097 | Ossuary  | Entered an ossuary
  3388 | Ossuary  | Reached skill level 5 in Fighting
  3493 | Ossuary  | Noticed Menkaure
  3499 | Ossuary  | Killed Menkaure
  3585 | Ossuary  | Reached XP level 7. HP: 21/61 MP: 6/6
  3998 | D:4      | Found a blossoming altar of Fedhas.
  4110 | D:4      | Found Uneso's Distillery.
  4116 | D:4      | Bought a potion of curing for 36 gold pieces
  4163 | D:4      | Killed Pikel
  4308 | D:4      | Reached XP level 8. HP: 69/69 MP: 7/7
  4444 | D:4      | Reached skill level 6 in Armour
  4637 | D:5      | Entered Level 5 of the Dungeon
  4890 | D:5      | Noticed Sigmund
  4891 | D:5      | Found a staircase to the Ecumenical Temple.
  4906 | D:5      | Killed Sigmund
  4934 | Temple   | Entered the Ecumenical Temple
  4988 | Temple   | Became a worshipper of Warmaster Okawaru
  5030 | D:5      | Noticed a two-headed ogre
  5042 | D:5      | Killed a two-headed ogre
  5043 | D:5      | Reached skill level 7 in Armour
  5043 | D:5      | Reached skill level 5 in Shields
  5054 | D:5      | Reached * piety under Okawaru
  5055 | D:5      | Reached XP level 9. HP: 18/78 MP: 8/8
  6025 | D:6      | Found a radiant altar of Vehumet.
  6035 | D:6      | Reached skill level 8 in Armour
  6036 | D:6      | Found a stormy altar of Qazlal.
  6096 | D:6      | Reached skill level 10 in Axes
  6145 | D:6      | Reached ** piety under Okawaru
  6361 | D:6      | Found a shimmering altar of Xom.
  6958 | D:7      | Reached skill level 9 in Armour
  7310 | D:7      | Reached skill level 1 in Stealth
  7310 | D:7      | Reached XP level 10. HP: 71/88 MP: 9/9
  7471 | D:7      | Found Viwe's General Store.
  7622 | D:7      | Reached *** piety under Okawaru
  8289 | D:7      | Reached skill level 10 in Armour
  8304 | D:8      | Found a hide-covered altar of Uskayaw.
  8337 | D:8      | Noticed a two-headed ogre
  8349 | D:8      | Killed a two-headed ogre
  8716 | D:8      | Noticed a two-headed ogre
  8727 | D:8      | Killed a two-headed ogre
  8727 | D:8      | Reached **** piety under Okawaru
  8819 | D:8      | Reached skill level 11 in Armour
  8971 | D:8      | Noticed a five-headed hydra
  8971 | D:8      | Noticed a red ugly thing
  8971 | D:8      | Noticed a guardian serpent
  8987 | D:8      | Killed a red ugly thing
  8988 | D:8      | Reached XP level 11. HP: 49/97 MP: 8/10
 10243 | D:9      | Reached ***** piety under Okawaru
 10244 | D:9      | Reached skill level 1 in Invocations
 10754 | D:9      | Found a staircase to the Lair.
 11116 | D:10     | Entered Level 10 of the Dungeon
 11266 | D:10     | Noticed Erica
 11279 | D:10     | Killed Erica
 11291 | D:10     | Reached skill level 12 in Armour
 11303 | D:10     | Found a staircase to the Orcish Mines.
 11613 | D:10     | Found a shadowy altar of Dithmenos.
 11613 | D:10     | Found a glowing silver altar of Zin.
 11751 | D:10     | Found a white marble altar of Elyvilon.
 12055 | D:8      | Killed a two-headed hydra
 12056 | D:8      | Reached skill level 10 in Fighting
 12402 | D:8      | Noticed a two-headed ogre
 12409 | D:8      | Killed a two-headed ogre
 12878 | D:11     | Noticed a white ugly thing
 12887 | D:11     | Killed a white ugly thing
 12891 | D:11     | Noticed Josephine
 13138 | D:11     | Reached skill level 10 in Long Blades
 13139 | D:11     | Reached XP level 12. HP: 107/107 MP: 12/12
 13149 | D:10     | Killed Josephine
 13149 | D:10     | Reached ****** piety under Okawaru
 13837 | D:11     | Noticed a two-headed ogre
 13846 | D:11     | Killed a two-headed ogre
 14634 | Lair:1   | Entered Level 1 of the Lair of Beasts
 14740 | Lair:1   | Reached skill level 13 in Armour
 14750 | Lair:1   | Received a gift from Okawaru
 15083 | Lair:1   | Found a runed translucent door.
 15318 | Lair:1   | Noticed duchin's ghost (journeyman DEAE)
 15913 | Lair:2   | Found a staircase to the Snake Pit.
 16016 | Lair:2   | Noticed a four-headed hydra
 16026 | Lair:2   | Killed a one-headed hydra
 16181 | Lair:2   | Received a gift from Okawaru
 16208 | Lair:2   | Found a transporter.
 16300 | Lair:2   | Found a transporter.
 16761 | Lair:3   | Noticed a six-headed hydra
 16767 | Lair:3   | Killed a four-headed hydra
 17112 | Lair:3   | Noticed a seven-headed hydra
 17119 | Lair:3   | Killed a three-headed hydra
 17824 | Lair:3   | Found a staircase to the Swamp.
 17846 | Lair:3   | Reached XP level 13. HP: 79/116 MP: 13/13
 18822 | Lair:4   | Received a gift from Okawaru
 18823 | Lair:4   | Reached skill level 10 in Shields
 18962 | Lair:4   | Reached skill level 14 in Armour
 19196 | Lair:4   | Reached skill level 5 in Dodging
 20923 | D:12     | Found Piqapud's Distillery.
 20930 | D:12     | Bought a potion of heal wounds for 80 gold pieces
 20999 | D:12     | Identified the +1 battleaxe "Mies" {vorpal, Int+4 SInv}
                  | (Okawaru gifted it to you on level 12 of the Dungeon)
 20999 | D:12     | Received a gift from Okawaru
 22273 | Orc:1    | Entered Level 1 of the Orcish Mines
 22273 | Orc:1    | Found Boubb's CLEARANCE SALE!.
 23218 | Orc:1    | Reached XP level 14. HP: 100/127 MP: 12/14
 23486 | Orc:1    | Bought a scroll of identify for 6 gold pieces
 23486 | Orc:1    | Bought a scroll of teleportation for 9 gold pieces
 24128 | Orc:2    | Entered Level 2 of the Orcish Mines
 24173 | Orc:2    | Found a flickering gateway to a bazaar.
 24212 | Bazaar   | Entered a bazaar
 24226 | Bazaar   | Found Vipuopess's Book Shoppe.
 24226 | Bazaar   | Found Ylozext's Antique Armour Emporium.
 24249 | Bazaar   | Found Lofitwaq's Assorted Antiques.
 24249 | Bazaar   | Found Raicovab's Armour Emporium.
 24324 | Bazaar   | Bought a scroll labelled ZANGOM SAIREI for 25 gold pieces
 24324 | Bazaar   | Bought a fizzy green potion for 22 gold pieces
 24507 | Orc:2    | Received a gift from Okawaru
 24870 | Orc:2    | Noticed an orc warlord
 24908 | Orc:1    | HP: 3/127 [orc warlord/+0 battleaxe of flaming (14)]
 24912 | Orc:1    | Killed an orc warlord
 25266 | Orc:2    | Reached skill level 15 in Armour
 25917 | Orc:2    | Found Abrofubb's Antique Armour Emporium.
 25944 | Orc:2    | Found Poimyr's Antique Weapon Emporium.
 25949 | Orc:2    | Found Viawoyr's General Store.
 25965 | Orc:2    | Found Vibbed's Jewellery Emporium.
 26023 | Orc:2    | Found a staircase to the Elven Halls.
 26530 | Orc:2    | Noticed an orc warlord
 26547 | Orc:2    | Killed an orc warlord
 26935 | Orc:2    | Bought an embroidered scarf for 288 gold pieces
 27099 | Lair:5   | Received a gift from Okawaru
 28335 | Lair:6   | Entered Level 6 of the Lair of Beasts
 29366 | Lair:6   | Found a staircase to the Slime Pits.
 29366 | Lair:6   | Found a viscous altar of Jiyva.
 30084 | Lair:6   | Found a runed translucent door.
 30554 | Lair:6   | Identified the +7 plate armour "Qatech" {rElec rC++ Str-5
                  | Slay+3} (Okawaru gifted it to you on level 6 of the Lair of
                  | Beasts)
 30554 | Lair:6   | Received a gift from Okawaru
 30555 | Lair:6   | Reached skill level 16 in Armour
 30560 | Lair:6   | Identified the +6 hand crossbow of Yllutoggu {speed, Will+}
 31831 | D:13     | Reached XP level 15. HP: 105/137 MP: 15/15
 31997 | D:13     | Reached skill level 15 in Long Blades
 32858 | D:13     | Found a gate to the Vaults.
 32886 | D:13     | Noticed Maurice
 32890 | D:13     | Killed Maurice
 32917 | D:13     | Found a runed translucent gate.
 32918 | D:13     | Found a runed translucent gate.
 32923 | D:13     | Found a runed translucent gate.
 32924 | D:13     | Noticed Faeu's ghost (journeyman MiBe)
 32938 | D:13     | Noticed Sensen's ghost (journeyman DsAr)
 32941 | D:13     | Noticed Dune's ghost (journeyman MiBe)
 32984 | D:13     | Identified the amulet "Gutt" {rElec Regen+ Str+4 Int+7}
 34368 | D:14     | Reached skill level 15 in Shields
 34434 | D:14     | You fall into a shaft and drop 1 floor!
 34434 | D:15     | Entered Level 15 of the Dungeon
 34559 | D:14     | Noticed Louise
 34573 | D:14     | Killed Louise
 34573 | D:14     | Identified the +7 long sword of Ylius {protect, Str+4
                  | Int+4} (Okawaru gifted it to you on level 14 of the
                  | Dungeon)
 34573 | D:14     | Received a gift from Okawaru
 34928 | D:15     | Found Fel Xoni's Book Boutique.
 35257 | D:15     | Received a gift from Okawaru
 35967 | D:15     | Found a staircase to the Depths.
 36429 | Lair:6   | Reached skill level 17 in Armour
 36638 | Lair:1   | Killed duchin's ghost
 36909 | D:13     | Killed Dune's ghost
 36920 | D:13     | Killed Faeu's ghost
 36930 | D:13     | Killed Sensen's ghost
 36940 | D:13     | Identified the ring "Leosae" {rF+ Str+6 Dex+3 Slay+2}
 37262 | Snake:1  | Entered Level 1 of the Snake Pit
 37315 | Snake:1  | Reached XP level 16. HP: 62/147 MP: 17/17
 37431 | Snake:1  | Received a gift from Okawaru
 37813 | Snake:1  | Reached skill level 15 in Fighting
 37832 | Snake:1  | Noticed Donald
 37832 | Snake:1  | Noticed Aizul
 37843 | Snake:1  | HP: 6/149 [Donald/+0 long sword (43)]
 37844 | Snake:1  | Mangled by Donald

Illustrated notes

Levels and vault maps discovered:
D:1:      doesnt_arrival_eight_statues, layout_basic, basic_ecumenical_altar
D:2:      layout_basic, serial_shops, nicolae_shop_trees, uniq_terence
D:3:      layout_basic, serial_curves, eino_curves_03, eino_curves_01,
          minmay_surrounded
D:4:      cheibrodos_greedy_goblins, layout_loops_ring,
          overflow_temple_1_default, serial_shops, shop, nicolae_stop_n_shop_2,
          nicolae_shop_hallway_plus, nicolae_ossuary_entry_false_entrances,
          uniq_pikel
D:5:      layout_basic, temple_pool_b, minmay_manual_moon, uniq_sigmund
D:6:      layout_basic, led_xom_imps, mainiacjoe_overflow_large_starburst,
          kennysheep_doodads, amcnicky_mini_corridor_feature, uniq_menkaure
D:7:      layout_loops_cross, serial_shops, kennysheep_mini_moat,
          grunt_ministairs_10
D:8:      nzn_winding_woodlands_cross [nzn_winding_woodlands_5x15_split_checker,
          nzn_winding_woodlands_5x15_cabin,
          nzn_winding_woodlands_5x15_longhouse,
          nzn_winding_woodlands_5x15_concentric,
          nzn_winding_woodlands_15x15_killbox], layout_rooms,
          amcnicky_altar_gilded, minmay_misc_feat_chi,
          chequers_serial_rivers_micro_b, minmay_misc_feat_doors,
          nicolae_figureground_sparkle
D:9:      layout_irregular_city, lair_entry_dummy, serial_bayou,
          serial_bayou_pond_b, serial_bayou_pond_e, serial_bayou_shore_b,
          serial_bayou_pond_d, minmay_starry_boxes
D:10:     layout_basic, chequers_temple_overflow_statue_of_worship,
          mainiacjoe_overflow_alcove_2, david_orc_3, uniq_erica
D:11:     layout_cave_pools, uniq_josephine
D:12:     layout_loops_ring, serial_shops, shop, minmay_misc_feat_rugged,
          eino_jars
D:13:     layout_loops_ring, skrybe_vaults_entry_preservation,
          gammafunk_ghost_cemetery, uniq_maurice
D:14:     layout_roguey, chequers_serial_rivers_marsh, uniq_louise
D:15:     gammafunk_enter_depths_forms, layout_irregular_city, serial_shops,
          nicolae_shop_statue_plus, minmay_crystal_water
Temple:   jpeg_temple_clearing
Lair:1:   layout_cave_pods, hellmonk_ghost_happy_afterlife, st_stairs_10,
          minivault_26, chequers_serial_rivers_small_b, minmay_shattered_shrine
Lair:2:   gammafunk_cloud_chamber, layout_loops_ring, dummy_snake_entry
Lair:3:   layout_small_grid, skrybe_swamp_entry_bodies,
          infiniplex_staircase_pool
Lair:4:   layout_misc_corridors, grunt_megastairs_5
Lair:5:   wad_woods_04, layout_long_grid
Lair:6:   wormcave, layout_small_grid, slime_altar_1
Snake:1:  layout_gridlike, nicolae_snake_mages_go_home, uniq_aizul, uniq_donald
Orc:1:    layout_caves, nicolae_shop_clearance
Orc:2:    grunt_orc_cross, layout_caves, serial_shops, bzr_in_the_mist,
          nicolae_orc_rockfall, minmay_orc_barracks

Skill      XL: |  1  2  3  4  5  6  7  8  9 10 11 12 13 14 15 16 |
---------------+-------------------------------------------------+-----
Shields        | 4 5 6 7 9 11 13 16 | 16.5
Armour         | 4 5 7 9 11 12 13 14 16 17 | 17.2
Fighting       | 4 5 6 7 9 10 11 12 13 14 15 | 15.0
Long Blades    | 3 4 5 7 10 12 14 15 | 15.8
Dodging        | 1 2 3 4 5 6 |  6.7
Axes           | 3 6 9 11 12 | 12.6
Stealth        | 1 2 3 |  3.3
Invocations    | 1 2 |  2.7
Evocations     | |  0.8

Action                   |  1- 3 |  4- 6 |  7- 9 | 10-12 | 13-15 | 16-18 || total
-------------------------+-------+-------+-------+-------+-------+-------++-------
Melee: Long sword        |    96 |    40 |       |       |   208 |    53 ||   397
       Headbutt          |    12 |    22 |    34 |   133 |   331 |    18 ||   550
       Hand axe          |       |    92 |   183 |    78 |   121 |       ||   474
       Falchion          |       |       |       |   247 |       |       ||   247
       Scimitar          |       |       |       |   240 |   983 |       ||  1223
Invok: Heroism           |       |       |     1 |    13 |    22 |       ||    36
Evoke: Wand              |       |       |       |     2 |     7 |       ||     9
  Use: Scroll            |       |     4 |       |    15 |    10 |     2 ||    31
       Potion            |       |       |       |     3 |     5 |       ||     8
 Stab: Distracted        |       |       |     1 |     2 |     1 |       ||     4
Armor: Scale mail        |    53 |     1 |       |       |       |       ||    54
       Chain mail        |       |    56 |    62 |   244 |   368 |    20 ||   750
       Plate armour      |       |       |       |       |    11 |       ||    11
Dodge: Dodged            |    44 |    34 |    48 |   223 |   284 |    26 ||   659
Block: Buckler           |    20 |    17 |    20 |   148 |       |       ||   205
       Kite shield       |       |       |       |    88 |   507 |       ||   595
       Reflection        |       |       |       |       |    31 |       ||    31
       Tower shield      |       |       |       |       |   784 |    76 ||   860
